 Dungeon Crawl Stone Soup version 0.24.0-10-g970556be89 (webtiles) character file.

Game seed: 1469757075255539779, levelgen mode: deterministic

263 Emblim88 the Vandal (level 5, 0/25 HPs)
             Began as a Spriggan Hunter on Nov 3, 2019.
             Killed from afar by an orc wizard (5 damage)
             ... with a magic dart
             ... on level 3 of the Dungeon.
             The game lasted 00:12:27 (3515 turns).

Emblim88 the Vandal (Spriggan Hunter)               Turns: 3515, Time: 00:12:28

Health: 0/25       AC:  2    Str:  8    XL:     5   Next: 97%
Magic:  6/6        EV: 20    Int: 13    God:
Gold:   120        SH:  0    Dex: 17    Spells: 4/4 levels left

rFire    . . .     SeeInvis +   m - +2 dagger (vamp)
rCold    + . .     Gourm    .   (shield restricted)
rNeg     . . .     Faith    .   c - +0 robe
rPois    +         Spirit   .   (helmet restricted)
rElec    .         Reflect  .   (no cloak)
rCorr    .         Harm     .   (gloves unavailable)
MR       .....                  (boots unavailable)
Stlth    +++.......             (no amulet)
HPRegen  0.08/turn              d - ring of poison resistance
MPRegen  0.10/turn              j - ring of protection from cold

@: very quick
A: very small, unfitting armour, see invisible, herbivore, speed 3, slow
metabolism 2
a: no special abilities


You were on level 3 of the Dungeon.
You were not hungry.

You visited 1 branch of the dungeon, and saw 4 of its levels.

You collected 120 gold pieces.

Inventory:

Hand Weapons
 a - a +1 hunting sling
 m - a +2 vampiric dagger (weapon)
Missiles
 i - 33 stones (quivered)
 p - 7 boomerangs
Armour
 c - a +0 robe (worn)
Jewellery
 d - a ring of poison resistance (left hand)
 j - a ring of protection from cold (right hand)
Scrolls
 g - 2 scrolls of remove curse
 l - 3 scrolls of teleportation
 n - a scroll of enchant weapon
 o - 2 scrolls of immolation
Potions
 b - a potion of heal wounds
 e - 2 potions of flight {unknown}
 h - a potion of lignification
 k - a potion of agility
 q - a potion of brilliance
Comestibles
 f - 7 rations


   Skills:
 - Level 1.5 Fighting
 * Level 6.6 Slings
 + Level 4.7 Dodging
 * Level 6.1 Stealth


You had 4 spell levels left.
You didn't know any spells.
Your spell library was empty.

Dungeon Overview and Level Annotations

Branches:
Dungeon (4/15)
 Temple: D:4-7

Altars:
Cheibriados
Elyvilon
Sif Muna
Trog
The Shining One

Annotations:
D:3 1 runed translucent door, ponobo's ghost, amateur DrCj


Innate Abilities, Weirdness & Mutations

You are very small and have problems with some larger weapons.
You are too small for most types of armour.
You have supernaturally acute eyesight. (SInv)
You are a herbivore.
You cover ground extremely quickly.
You need to consume almost no food.


Message History

The puff of frost hits you. You resist.
You are too injured to fight recklessly!
You are too injured to fight recklessly!
You are too injured to fight recklessly!
The orc wizard is no longer moving quickly.
You are too injured to fight recklessly!
You feel a sense of dread.
m - a +2 vampiric dagger (weapon)
The orc wizard points at you and mumbles some strange words.
The magic dart hits you!
* * * LOW HITPOINT WARNING * * *
The orc wizard misses you.
You closely miss the orc wizard.
The orc wizard is heavily wounded.
The orc wizard hits you but does no damage.
You hit the orc wizard.
You feel better.
The orc wizard is severely wounded.
The orc wizard gestures at you while chanting.
The magic dart hits you.
You die...

#....+≈≈≈≈$##..........
#....#..W..##.........#
#...##############....#
####.## #..#### #....#
#.....# ##....## ##....
#.....## ####..## ##...#
#....(.## ##..# #...#)
#.......#######.# #.#...
#......@o.....<.###.#..#
#.....###.#.##...##....#
#.....# #.#.>##......[)#
#.....# #..#[.....(.>...
####### ##....(###.#..##
##..#######.##... #...#
#..##... ####.#.#
#[####.# ##....#.#
####.......


You could see an orc wizard.

Vanquished Creatures
  3 orc wizards
  Robin (D:2)
  4 adders
  An ooze (D:2)
  4 worms
  2 dart slugs (D:3)
  3 leopard geckos
  9 orcs
  2 giant cockroaches
  18 goblins
  10 hobgoblins
  7 jackals (D:2)
  6 bats
  2 frilled lizards
  15 kobolds
  20 rats
107 creatures vanquished.

Notes
Turn   | Place    | Note
-------+----------+-------------------------------------------
     0 | D:1      | Emblim88 the Spriggan Hunter began the quest for the Orb.
     0 | D:1      | Reached XP level 1. HP: 10/10 MP: 2/2
    55 | D:1      | Reached skill level 5 in Slings
   134 | D:1      | Reached XP level 2. HP: 14/14 MP: 3/3
   407 | D:1      | Reached XP level 3. HP: 18/18 MP: 4/4
   919 | D:2      | Noticed Robin
   965 | D:2      | Reached XP level 4. HP: 19/22 MP: 5/5
  1178 | D:2      | Found a white marble altar of Elyvilon.
  1314 | D:2      | Found a bloodstained altar of Trog.
  1314 | D:2      | Found a snail-covered altar of Cheibriados.
  1315 | D:2      | Found a glowing golden altar of the Shining One.
  1406 | D:2      | Found a shimmering blue altar of Sif Muna.
  1646 | D:2      | Killed Robin
  2047 | D:2      | Reached skill level 5 in Stealth
  2047 | D:2      | Reached XP level 5. HP: 24/25 MP: 6/6
  3101 | D:3      | Found a runed translucent door.
  3102 | D:3      | Noticed ponobo's ghost (amateur DrCj)
  3491 | D:4      | Noticed an ogre
  3515 | D:3      | Killed from afar by an orc wizard

Levels and vault maps discovered:
D:1:      erik_arrival_orb_chamber, layout_rooms, hangedman_decor_lopped,
          chequers_serial_rivers_micro_c
D:2:      layout_loops_ring, lemuel_blue_sif_altar, overflow_temple_1_default,
          gammafunk_temple_overflow_claw, uniq_robin
D:3:      layout_rooms, ebering_ghost_reflecting_pool
D:4:      layout_rooms, overflow_temple_1_default, first_ration

Skill      XL: |  1  2  3  4  5 |
---------------+----------------+-----
Stealth        | 2 3 4 5 6 |  6.1
Slings         | 5 6 |  6.6
Dodging        | 4 |  4.7
Fighting       | |  1.5

Action                   |  1- 3 |  4- 6 || total
-------------------------+-------+-------++-------
Melee: Short sword       |     1 |       ||     1
       Dagger            |       |     6 ||     6
 Fire: Hunting sling     |   136 |   243 ||   379
  Use: Scroll            |       |     7 ||     7
Armor: Robe              |     1 |     5 ||     6
Dodge: Dodged            |    14 |    78 ||    92
